[Event "Titled Tuesday Blitz April 18 Early 2023"]
[White "Palczert, Matyas"]
[Black "koncheto"]
[WhiteFideId "784958"]
[WhiteElo "2224"]
[BlackElo "2535"]
[Result "1-0"]
[Round "07"]
[TimeControl "180+2"]
[Date "2023.04.18"]
[WhiteClock "0:00:41"]
[BlackClock "0:00:12"]

1. e4 c5 2. Nf3 d6 3. d4 cxd4 4. Nxd4 Nf6 5. Nc3 Nc6 6. Bg5 e6 7. Qd2 a6 8. Nxc6 bxc6 9. O-O-O Be7 10. Bxf6 gxf6 11. Bc4 d5 12. exd5 cxd5 13. Nxd5 exd5 14. Bxd5 Ra7 15. Bc6+ Bd7 16. Qe3 Rc7 17. Rxd7 Rxd7 18. Rd1 O-O 19. Rxd7 Qc8 20. Qxe7 Qxc6 21. Rd8 Rxd8 22. Qxd8+ Kg7 23. Qd3 Kh8 24. Qf3 Qe6 25. b3 Qe1+ 26. Kb2 Qe5+ 27. Qc3 Qxh2 28. Qxf6+ Kg8 29. g3 a5 30. Qg5+ Kh8 31. Qxa5 Qxf2 32. Qe5+ Kg8 33. a4 f6 34. Qc3 h5 35. a5 f5 36. a6 f4 37. Qc4+ Kh7 38. Qxf4 Qc5 39. Qf7+ Kh8 40. a7 Qd4+ 41. Ka2 Qxa7+ 42. Qxa7 1-0


[Site "https://www.chess.com"]

[Event "Titled Tuesday Blitz April 18 Early 2023"]
[White "Fernandez Siles, Luis"]
[Black "Milchev, Nikolay"]
[WhiteFideId "2209420"]
[BlackFideId "2906090"]
[WhiteElo "2195"]
[BlackElo "2449"]
[Result "1-0"]
[Round "07"]
[TimeControl "180+2"]
[Date "2023.04.18"]
[WhiteClock "0:00:04"]
[BlackClock "0:00:46"]

1. e4 e5 2. Nf3 Nc6 3. Bb5 Nge7 4. O-O a6 5. Bc4 Ng6 6. d4 exd4 7. Nxd4 Be7 8. Nc3 O-O 9. Be3 d6 10. f4 Bf6 11. Qd2 Bd7 12. Nd5 Bxd4 13. Bxd4 Nxd4 14. Qxd4 Bc6 15. Rae1 Bxd5 16. exd5 Re8 17. Bd3 Qf6 18. Qxf6 gxf6 19. g3 Kf8 20. Kf2 h6 21. c4 c5 22. dxc6 bxc6 23. Rxe8+ Kxe8 24. Be4 Kd7 25. Ke3 a5 26. b3 Ne7 27. Kd4 Rb8 28. f5 a4 29. Kc3 axb3 30. axb3 d5 31. cxd5 cxd5 32. Bd3 Nc6 33. Rf4 Kd6 34. Rh4 d4+ 35. Kb2 Ke5 36. Re4+ Kd5 37. Rh4 Ne5 38. Be4+ Kd6 39. Rxh6 Ke7 40. Rh4 Nc4+ 41. Kc2 Ne3+ 42. Kd3 Rxb3+ 43. Kxd4 Nd1 44. Bd3 Nf2 45. Bc4 Rb2 46. Rh7 Ng4 47. Rxf7+ Kd6 48. h3 Nf2 49. Rxf6+ Ke7 50. Re6+ Kd7 51. Re3 Nxh3 52. f6 Rf2 53. f7 Ng5 54. Ra3 Ke7 55. Ra7+ Kf8 56. Ra8+ Kg7 57. Rg8+ Kh7 58. Rxg5 Rxf7 59. Bxf7 Kh6 60. Rg4 Kh7 61. Be6 Kh6 62. Ke5 Kh5 63. Kf6 Kh6 64. Rh4# 1-0


[Site "https://www.chess.com"]

[Event "Titled Tuesday Blitz April 18 Early 2023"]
[White "littlepillow2010"]
[Black "Ordekalog"]
[WhiteElo "2418"]
[BlackElo "2508"]
[Result "0-1"]
[Round "07"]
[TimeControl "180+2"]
[Date "2023.04.18"]
[WhiteClock "0:00:01"]
[BlackClock "0:01:18"]

1. e4 c5 2. Nf3 Nc6 3. d4 cxd4 4. Nxd4 Qb6 5. Nb3 Nf6 6. Nc3 e6 7. Bd3 Be7 8. a3 O-O 9. O-O a6 10. Be3 Qc7 11. f4 d6 12. Qf3 b5 13. g4 Bb7 14. g5 Nd7 15. h4 b4 16. axb4 Nxb4 17. Qh3 d5 18. exd5 Nxd5 19. Nxd5 Bxd5 20. h5 Nc5 21. Nxc5 Bxc5 22. Bxc5 Qxc5+ 23. Kh2 Qb4 24. Qe3 Rfc8 25. b3 a5 26. Ra4 Qd6 27. Rd4 Qb6 28. g6 fxg6 29. hxg6 hxg6 30. Bxg6 a4 31. bxa4 Rxa4 32. Rd3 Rxc2+ 33. Kg3 Rg2+ 34. Kh3 Qxe3+ 35. Rxe3 Rxg6 36. Re5 Rf6 37. Kg3 Kf7 38. Rf2 Ra3+ 39. Kg4 Rg6+ 40. Kh4 Kf6 41. Rg5 Rh6+ 42. Kg4 Rhh3 43. Rh5 Rag3# 0-1


[Site "https://www.chess.com"]

[Event "Titled Tuesday Blitz April 18 Early 2023"]
[White "Degenbaev, Aziz"]
[Black "Liu, Casper"]
[WhiteFideId "13802640"]
[BlackFideId "1454153"]
[WhiteElo "2152"]
[BlackElo "2221"]
[Result "1-0"]
[Round "07"]
[TimeControl "180+2"]
[Date "2023.04.18"]
[WhiteClock "0:00:50"]
[BlackClock "0:00:07"]

1. e4 c5 2. Nf3 Nf6 3. e5 Nd5 4. c3 d6 5. Bc4 Nb6 6. Bb3 d5 7. d4 c4 8. Bc2 Bg4 9. h3 Bh5 10. O-O e6 11. b3 Bg6 12. Na3 N8d7 13. bxc4 Bxa3 14. Bxa3 Nxc4 15. Bc1 b5 16. Rb1 a6 17. Bxg6 hxg6 18. Ng5 Ndb6 19. Qg4 Ra7 20. Nxe6 fxe6 21. Qxe6+ Kf8 22. Qxg6 Qe8 23. Qg4 Kg8 24. f4 Na4 25. Rf3 Qh5 26. Qe6+ Qf7 27. Qxf7+ Rxf7 28. f5 Rf8 29. Bg5 Rh5 30. h4 g6 31. f6 Kf7 32. e6+ Kxe6 33. Re1+ Kd6 34. f7 1-0


[Site "https://www.chess.com"]

[Event "Titled Tuesday Blitz April 18 Early 2023"]
[White "Andreev, Konstantin"]
[Black "Womacka, Mathias"]
[WhiteFideId "24239305"]
[BlackFideId "4611390"]
[WhiteElo "2106"]
[BlackElo "2377"]
[Result "1-0"]
[Round "07"]
[TimeControl "180+2"]
[Date "2023.04.18"]
[WhiteClock "0:00:04"]
[BlackClock "0:00:06"]

1. e4 c5 2. Nf3 d6 3. d4 cxd4 4. Nxd4 Nf6 5. Nc3 a6 6. h4 e5 7. Nb3 Be6 8. f4 Be7 9. f5 Bd7 10. g4 Bc6 11. Bg2 Nfd7 12. Be3 Bxh4+ 13. Ke2 Bg5 14. Qd2 Bxe3 15. Qxe3 b5 16. Rad1 Nb6 17. Na5 Qc7 18. Nxc6 Nxc6 19. Kf2 Rc8 20. Ne2 Nc4 21. Qc3 Qb6+ 22. Kf3 O-O 23. b3 b4 24. Qxc4 Nd4+ 25. Rxd4 exd4 26. Qd3 Qc6 27. g5 Qxc2 28. Qxd4 Qxa2 29. Qd5 Rc5 30. Qxd6 Qxb3+ 31. Kf4 Rc2 32. Bf3 Qb2 33. e5 Rxe2 34. Bxe2 Qxe2 35. Rh3 a5 36. f6 a4 37. Rd3 b3 38. Qxf8+ Kxf8 39. Rd8# 1-0


[Site "https://www.chess.com"]

[Event "Titled Tuesday Blitz April 18 Early 2023"]
[White "Hajiyev, Kanan"]
[Black "Mazurkiewicz, Michal"]
[WhiteFideId "13404148"]
[BlackFideId "1124943"]
[WhiteElo "2103"]
[BlackElo "2054"]
[Result "1-0"]
[Round "07"]
[TimeControl "180+2"]
[Date "2023.04.18"]
[WhiteClock "0:00:07"]
[BlackClock "0:00:10"]

1. d4 Nf6 2. Nf3 g6 3. c4 Bg7 4. g3 O-O 5. Bg2 d6 6. O-O c5 7. b3 cxd4 8. Nxd4 Qa5 9. Bb2 Qh5 10. e3 Bg4 11. Qc2 Bh3 12. Bxb7 Nbd7 13. Bg2 Ng4 14. Qe4 Nc5 15. Qf3 Nd3 16. Bc3 Nde5 17. Qe4 e6 18. Bxh3 Qxh3 19. Qg2 Qh5 20. Nd2 d5 21. cxd5 exd5 22. h3 Nf6 23. g4 Nfxg4 24. hxg4 Nxg4 25. N2f3 Rac8 26. Rac1 Rfe8 27. Bb4 Bf8 28. Bxf8 Rxf8 29. Nh2 Ne5 30. Qxd5 Rcd8 31. Qg2 Rfe8 32. b4 Nd3 33. Rb1 Re5 34. Nhf3 Re4 35. Rfd1 Rg4 36. Kf1 Rxg2 37. Kxg2 Qg4+ 38. Kf1 Qe4 39. Rb3 Ne5 40. Nxe5 Qxe5 41. Rbd3 Qd5 42. Ke2 Qxa2+ 43. R1d2 Qc4 44. Kf3 h5 45. b5 Qd5+ 46. Ke2 Qc4 47. Rc2 h4 48. Rxc4 h3 49. Nf3 Rd5 50. Rxd5 g5 51. Rd8+ Kg7 52. Nxg5 h2 53. Rc1 Kg6 54. Nf3 f5 55. Rh1 f4 56. Rxh2 fxe3 57. fxe3 Kf5 58. Ra8 a5 59. Ra7 a4 60. b6 a3 61. Rxa3 Kg4 62. Rf2 Kg3 63. Ne5 Kh3 64. Rf4 Kg3 65. Rg4+ Kh3 66. e4+ Kh2 67. Ra8 Kh3 68. Rh8# 1-0


[Site "https://www.chess.com"]

[Event "Titled Tuesday Blitz April 18 Early 2023"]
[White "Devaev, Alexander"]
[Black "Leve, Nitai"]
[WhiteFideId "4169395"]
[BlackFideId "2006898"]
[WhiteElo "2204"]
[BlackElo "2144"]
[Result "1-0"]
[Round "07"]
[TimeControl "180+2"]
[Date "2023.04.18"]
[WhiteClock "0:00:10"]
[BlackClock "0:00:01"]

1. Nf3 Nf6 2. c4 Nc6 3. d4 d6 4. Nc3 g6 5. h3 Bg7 6. e4 O-O 7. Bg5 a6 8. Be2 Rb8 9. d5 Ne5 10. Nxe5 dxe5 11. O-O c6 12. Rc1 Qa5 13. a3 Rd8 14. Qc2 cxd5 15. cxd5 Bd7 16. Rfd1 Rbc8 17. Qb3 b5 18. Bd2 Qb6 19. Be3 Qb7 20. Bd3 Ne8 21. Na2 Nd6 22. Nb4 a5 23. Na2 Qb8 24. Rc5 Rxc5 25. Bxc5 Rc8 26. Rc1 1-0


[Site "https://www.chess.com"]

[Event "Titled Tuesday Blitz April 18 Early 2023"]
[White "Maung, Maung Kyaw Zaw Hein"]
[Black "Mouhamad, Joachim"]
[WhiteFideId "13001698"]
[BlackFideId "656410"]
[WhiteElo "2019"]
[BlackElo "2125"]
[Result "0-1"]
[Round "07"]
[TimeControl "180+2"]
[Date "2023.04.18"]
[WhiteClock "0:00:34"]
[BlackClock "0:00:52"]

1. Nf3 d5 2. d4 e6 3. c4 a6 4. c5 b6 5. cxb6 c5 6. e3 Qxb6 7. dxc5 Bxc5 8. Nc3 Bd7 9. Be2 Nf6 10. O-O Qa7 11. a3 O-O 12. b4 Be7 13. Bb2 Bc6 14. Ne5 Bb7 15. Rc1 Nbd7 16. Na4 Rac8 17. Bd4 Qb8 18. Nd3 e5 19. Bc5 Nxc5 20. Ndxc5 Rfd8 21. Bxa6 Bxa6 22. Nxa6 Qb5 23. N6c5 d4 24. exd4 exd4 25. Nb2 Bxc5 26. Qc2 d3 27. Qc3 Ne4 28. Qe5 Bxf2+ 0-1


[Site "https://www.chess.com"]

[Event "Titled Tuesday Blitz April 18 Early 2023"]
[White "Koutlas, Nikolaos"]
[Black "Valle Maytin, Luis Enrique"]
[WhiteFideId "25827138"]
[BlackFideId "3503666"]
[WhiteElo "2215"]
[BlackElo "2225"]
[Result "1-0"]
[Round "07"]
[TimeControl "180+2"]
[Date "2023.04.18"]
[WhiteClock "0:00:07"]
[BlackClock "0:00:11"]

1. c4 e6 2. g3 Nf6 3. Bg2 d5 4. Nf3 c6 5. O-O Be7 6. b3 O-O 7. Bb2 b6 8. d3 Bb7 9. Nbd2 Nbd7 10. e4 dxe4 11. Nxe4 c5 12. Nc3 a6 13. Re1 Qc7 14. d4 cxd4 15. Qxd4 Rad8 16. Nd5 Bxd5 17. cxd5 Bc5 18. Qc3 exd5 19. b4 Bd6 20. Qd4 Qc4 21. a3 Qxd4 22. Nxd4 Ne5 23. Nf5 Nc4 24. Bxf6 gxf6 25. Bxd5 b5 26. Bxc4 bxc4 27. Rac1 Be5 28. Rxc4 Rd3 29. a4 Ra3 30. a5 Rb8 31. Ne7+ Kg7 32. Rg4+ Kh8 33. Nc6 Rb5 34. Ne7 h5 35. Rg8+ Kh7 36. Ra8 Rxb4 37. Rxa6 h4 38. Nc6 Bc3 39. Re7 Rb1+ 40. Kg2 hxg3 41. hxg3 Kg6 42. Raa7 Rba1 43. Rxf7 Bxa5 44. Rg7+ Kf5 45. Rae7 Bb6 46. Re2 R1a2 47. Ne7# 1-0


[Site "https://www.chess.com"]

[Event "Titled Tuesday Blitz April 18 Early 2023"]
[White "Hoffmann, Asa"]
[Black "Lorenzo De La Riva, Lazaro"]
[WhiteFideId "2001470"]
[BlackFideId "2268809"]
[WhiteElo "2117"]
[BlackElo "2294"]
[Result "0-1"]
[Round "07"]
[TimeControl "180+2"]
[Date "2023.04.18"]
[WhiteClock "0:00:25"]
[BlackClock "0:00:15"]

1. d4 d5 2. Bg5 f6 3. Bf4 Nc6 4. Nf3 Bg4 5. Nbd2 Qd7 6. c4 e6 7. cxd5 exd5 8. e3 h5 9. h3 Bf5 10. Qb3 O-O-O 11. Bb5 Qe6 12. Rc1 Nge7 13. Qa4 a6 14. Bxa6 bxa6 15. Qxa6+ Kd7 16. Nb3 Ke8 17. Nc5 Qc8 18. Qa4 Kf7 19. O-O g5 20. Bh2 g4 21. Nh4 Bd7 22. f3 gxh3 23. gxh3 Rg8+ 24. Kf2 Bxh3 25. Rg1 Bf5 26. Rxg8 Kxg8 27. Rg1+ Kf7 28. Bf4 Qa8 29. Qb3 Rb8 30. Qc3 Qxa2 31. Nxf5 Rxb2+ 32. Kg3 Nxf5+ 33. Kh3 Rb1 34. Rg2 Qa1 35. Qc2 Rh1+ 36. Bh2 Qb1 37. Qa4 Nxe3 38. Qxc6 Qf5+ 39. Kg3 Qg5+ 40. Kf2 Qxg2+ 41. Kxe3 Re1+ 42. Kd3 Qe2+ 43. Kc3 Rc1+ 44. Kb4 Qb2+ 45. Ka5 Qa3+ 46. Na4 Rxc6 0-1


[Site "https://www.chess.com"]

[Event "Titled Tuesday Blitz April 18 Early 2023"]
[White "Smiechu"]
[Black "Ciorgovean, Iustin"]
[BlackFideId "1242911"]
[WhiteElo "2360"]
[BlackElo "2186"]
[Result "1-0"]
[Round "07"]
[TimeControl "180+2"]
[Date "2023.04.18"]
[WhiteClock "0:00:10"]
[BlackClock "0:00:03"]

1. e4 c6 2. d4 d5 3. f3 Qb6 4. c3 e6 5. Bd3 Nf6 6. e5 Nfd7 7. f4 c5 8. Nf3 Nc6 9. Bc2 cxd4 10. cxd4 Nb4 11. O-O Nxc2 12. Qxc2 Qc6 13. Nc3 b5 14. f5 b4 15. fxe6 fxe6 16. Ng5 Ba6 17. Rf3 bxc3 18. Rxc3 Qb6 19. Be3 Bb7 20. Nxh7 Be7 21. Qg6+ Kd8 22. Qxg7 Re8 23. Ng5 Nf8 24. Rac1 Rc8 25. Nf7+ Kd7 26. Nd6 Rxc3 27. Rxc3 Rb8 28. h3 Qd8 29. Qg4 Ba6 30. Ra3 Qb6 31. Rb3 Qc7 32. Rxb8 Qxb8 33. h4 Bd3 34. h5 Qxb2 35. h6 Qxa2 36. Qh5 Qb1+ 37. Kh2 Bg6 38. Qg4 Qd3 39. Qf3 a5 40. Qf2 a4 41. Qb2 Qb3 42. Qc1 Bc2 43. Bg5 1-0


[Site "https://www.chess.com"]

[Event "Titled Tuesday Blitz April 18 Early 2023"]
[White "Gil Alba, Hector Luis"]
[Black "Kyaw Lay Htaik"]
[WhiteFideId "3504670"]
[BlackFideId "13002007"]
[WhiteElo "2331"]
[BlackElo "2261"]
[Result "0-1"]
[Round "07"]
[TimeControl "180+2"]
[Date "2023.04.18"]
[WhiteClock "0:00:01"]
[BlackClock "0:00:04"]

1. e4 c5 2. Nf3 Nc6 3. Bb5 g6 4. O-O Bg7 5. Re1 Nh6 6. c3 O-O 7. d4 cxd4 8. cxd4 d6 9. h3 Qb6 10. Bxc6 bxc6 11. Nc3 f6 12. b3 Nf7 13. Be3 Qa5 14. Rc1 Bd7 15. Qd2 Rfe8 16. d5 c5 17. Qe2 Rac8 18. Nd2 Rb8 19. Nc4 Qa6 20. f4 f5 21. e5 dxe5 22. fxe5 Nxe5 23. Bf4 Nxc4 24. Bxb8 Bd4+ 25. Kh1 Rxb8 26. bxc4 Bf6 27. Nb5 Bxb5 28. cxb5 Rxb5 29. d6 exd6 30. Qc4+ Kg7 31. Re8 Qb7 32. Rf8 Be5 33. Rg8+ Kf6 34. Qh4+ Ke6 35. Re1 Qf7 36. Qc4+ Kf6 37. Qxb5 Qxg8 38. Qa6 Qb8 39. Rd1 Qb6 40. Qc4 a5 41. Qh4+ Kg7 42. Qc4 Kf6 43. Qh4+ Kg7 44. Qc4 h5 45. a4 Qb4 46. Qe6 Qxa4 47. Rb1 Qc2 48. Qe7+ Kh6 49. Rf1 a4 50. Qf8+ Bg7 51. Qxd6 Qc3 52. Qf4+ Kh7 53. Qc7 a3 54. Qa7 Qb2 55. Rd1 a2 0-1


[Site "https://www.chess.com"]

[Event "Titled Tuesday Blitz April 18 Early 2023"]
[White "Pourkashiyan, Atousa"]
[Black "Erzhanov, Arman"]
[WhiteFideId "12502014"]
[BlackFideId "4138821"]
[WhiteElo "2228"]
[BlackElo "2138"]
[Result "0-1"]
[Round "07"]
[TimeControl "180+2"]
[Date "2023.04.18"]
[WhiteClock "0:00:05"]
[BlackClock "0:00:03"]

1. e4 d6 2. d4 Nf6 3. Nc3 c6 4. a4 e5 5. Nf3 Nbd7 6. Bc4 Be7 7. O-O O-O 8. a5 h6 9. Re1 Re8 10. h3 Bf8 11. Be3 Qc7 12. Nh4 exd4 13. Bxd4 Ne5 14. Bb3 Be6 15. Bxe6 Rxe6 16. Nf5 g6 17. Ne3 h5 18. f4 Ned7 19. f5 Ree8 20. fxg6 fxg6 21. Qf3 Bg7 22. Qg3 Kh7 23. Rf1 Ne5 24. Rf2 Rf8 25. Raf1 Rae8 26. Bxa7 Qxa5 27. Bd4 Qb4 28. Bxe5 Rxe5 29. Ned1 Qd4 30. Qd3 Qc5 31. Ne3 Re6 32. Kh1 Rfe8 33. Nc4 b5 34. Nd2 b4 35. Na4 Qa5 36. b3 Nxe4 37. Nxe4 Rxe4 38. Qxd6 R4e6 39. Qd3 Rd8 40. Qc4 Re7 41. Rf7 Rdd7 42. Rxe7 Rxe7 43. Qxc6 Qe5 44. Nc5 Rc7 45. Qe4 Qxc5 46. Re1 Qd4 47. Qf3 Rd7 48. Rf1 Qe5 49. Qc6 Re7 50. Rd1 Re6 51. Qd7 Qe2 52. Qd5 Re5 53. Qd7 Re7 54. Qd5 Qe5 55. Qd3 Qf4 56. Rg1 Be5 57. g3 Qf2 58. Rg2 Qe1+ 59. Kh2 Qc3 60. Qd5 h4 61. Qf3 hxg3+ 62. Rxg3 Bxg3+ 63. Kxg3 Re3 0-1


[Site "https://www.chess.com"]

[Event "Titled Tuesday Blitz April 18 Early 2023"]
[White "Baches Garcia, Guillermo"]
[Black "Jaivardhan Raj"]
[WhiteFideId "2209764"]
[BlackFideId "25744437"]
[WhiteElo "2466"]
[BlackElo "1772"]
[Result "1-0"]
[Round "07"]
[TimeControl "180+2"]
[Date "2023.04.18"]
[WhiteClock "0:01:17"]
[BlackClock "0:01:18"]

1. e4 c5 2. Nf3 e6 3. d4 cxd4 4. Nxd4 Nc6 5. Nc3 a6 6. Be3 Qc7 7. g4 Bb4 8. Nxc6 Qxc6 9. Qd4 Bxc3+ 10. bxc3 Nf6 11. f3 d6 12. g5 e5 13. Qc4 Qxc4 14. Bxc4 Nd7 15. O-O-O Ke7 16. Rd2 Rd8 17. Rhd1 Nf8 18. Bb6 Rd7 19. Bb3 Ne6 20. Ba4 Nxg5 21. Bxd7 Bxd7 22. Rxd6 Be6 23. Rd8 Bc8 24. Rh8 Nxf3 25. Rdd8 1-0


[Site "https://www.chess.com"]

[Event "Titled Tuesday Blitz April 18 Early 2023"]
[White "Jovic, Stanoje"]
[Black "Torres Dominguez, David"]
[WhiteFideId "905020"]
[BlackFideId "2220857"]
[WhiteElo "2236"]
[BlackElo "1999"]
[Result "1-0"]
[Round "07"]
[TimeControl "180+2"]
[Date "2023.04.18"]
[WhiteClock "0:00:52"]
[BlackClock "0:00:25"]

1. c4 e5 2. g3 Nc6 3. Bg2 f5 4. d3 Nf6 5. Nf3 Bb4+ 6. Kf1 O-O 7. a3 Be7 8. b4 d6 9. Bb2 Qe8 10. Nc3 Nd8 11. Rc1 Ne6 12. Nd5 Bd8 13. h4 f4 14. Kg1 fxg3 15. fxg3 c6 16. Nxf6+ Rxf6 17. c5 Nd4 18. Nxd4 exd4 19. Bxd4 Rg6 20. Kh2 Bg4 21. Bf3 d5 22. Bxg4 Rxg4 23. e4 Rg6 24. exd5 cxd5 25. Qf3 Bc7 26. Rhg1 Qd7 27. Rcf1 Re8 28. Qf5 Re2+ 29. Kh3 Qxf5+ 30. Rxf5 Rd2 31. h5 Rh6 32. Be3 Rxd3 33. Bxh6 gxh6 34. Rgf1 Rxg3+ 35. Kh4 Bd8+ 36. Kxg3 1-0


[Site "https://www.chess.com"]

[Event "Titled Tuesday Blitz April 18 Early 2023"]
[White "Weetik, Vjacheslav"]
[Black "Ansh M Shah"]
[WhiteFideId "4153472"]
[BlackFideId "25033379"]
[WhiteElo "2469"]
[BlackElo "2084"]
[Result "1-0"]
[Round "07"]
[TimeControl "180+2"]
[Date "2023.04.18"]
[WhiteClock "0:00:15"]
[BlackClock "0:00:03"]

1. d4 Nf6 2. Bf4 e6 3. e3 c5 4. c3 Qb6 5. Qb3 d5 6. Nd2 h6 7. h3 Nc6 8. Ngf3 Be7 9. Be2 c4 10. Qc2 Bd7 11. b3 cxb3 12. axb3 Rc8 13. O-O O-O 14. Rfc1 Nb4 15. Qb1 Nc6 16. c4 Nb4 17. c5 Qd8 18. Rxa7 b6 19. cxb6 Qxb6 20. Ra1 Rxc1+ 21. Qxc1 Rc8 22. Qf1 Ne4 23. Nxe4 dxe4 24. Ne5 Be8 25. Bc4 Bf6 26. Qd1 Bxe5 27. Bxe5 Bb5 28. Qg4 g6 29. Qf4 Kf8 30. Bd6+ Kg8 31. Bc5 Qb7 32. Ra7 Qxa7 33. Bxa7 Bxc4 34. bxc4 Rxc4 35. Qb8+ Kg7 36. Qe5+ Kg8 37. Qxe4 Nd5 38. Bc5 Rc1+ 39. Kh2 Nc3 40. Qf4 Nd5 41. Qxh6 Rc2 42. Qf8+ Kh7 43. Qxf7+ Kh6 44. Bf8+ Kg5 45. f4+ Kh5 46. Qh7# 1-0


[Site "https://www.chess.com"]

[Event "Titled Tuesday Blitz April 18 Early 2023"]
[White "brm72"]
[Black "Kula, Robert"]
[BlackFideId "1101218"]
[WhiteElo "2635"]
[BlackElo "2180"]
[Result "0-1"]
[Round "07"]
[TimeControl "180+2"]
[Date "2023.04.18"]
[WhiteClock "0:00:06"]
[BlackClock "0:00:01"]

1. d4 d5 2. c4 c6 3. Nf3 Nf6 4. g3 Bf5 5. Bg2 e6 6. Nc3 Nbd7 7. Nh4 Bg6 8. Nxg6 hxg6 9. Qd3 Bd6 10. O-O Qc7 11. c5 Be7 12. Bf4 Qd8 13. b4 Nh5 14. Bd2 e5 15. e3 e4 16. Qe2 a6 17. a4 f5 18. b5 axb5 19. axb5 O-O 20. b6 Ndf6 21. Ra7 Qd7 22. Rfa1 Rab8 23. Bf1 g5 24. Qd1 g4 25. R1a4 Nh7 26. Qa1 Ng5 27. Bg2 Nf6 28. Ra8 Qc8 29. Rxb8 Qxb8 30. Ra7 Nf3+ 31. Bxf3 gxf3 32. Kf1 g5 33. h3 Kf7 34. Ke1 Rh8 35. Kd1 Qc8 36. Kc2 Rxh3 37. Ra8 Qd7 38. Qa7 Rh2 39. Qb8 Rxf2 40. Ra7 f4 41. gxf4 gxf4 42. Qxf4 Rg2 43. Nd1 Qg4 44. Qc7 f2 45. Nxf2 Rxf2 46. Rxb7 Qe6 47. Qg3 Rf3 48. Qg5 Qc8 49. Rc7 Qa6 50. Bc3 Qa2+ 51. Kd1 Rf1+ 52. Be1 Qb1+ 53. Kd2 Qxe1+ 54. Kc2 Qb1+ 55. Kc3 Rc1+ 56. Kd2 Qc2# 0-1


[Site "https://www.chess.com"]

[Event "Titled Tuesday Blitz April 18 Early 2023"]
[White "Buscar, Michael"]
[Black "djokovic74"]
[WhiteFideId "2603616"]
[WhiteElo "2010"]
[BlackElo "2557"]
[Result "1-0"]
[Round "07"]
[TimeControl "180+2"]
[Date "2023.04.18"]
[WhiteClock "0:00:36"]
[BlackClock "0:01:08"]

1. Nf3 Nf6 2. g3 g6 3. Bg2 Bg7 4. O-O O-O 5. c4 d6 6. d3 Nbd7 7. Nc3 e5 8. Rb1 c6 9. b4 Re8 10. Ne1 Nf8 11. b5 Qc7 12. Nc2 Bd7 13. a4 Ne6 14. Bd2 Nc5 15. Qc1 Rad8 16. Be3 b6 17. Nb4 cxb5 18. Nxb5 Bxb5 19. axb5 h6 20. Bxh6 Kh7 21. Bxg7 Kxg7 22. Qg5 Ne6 23. Qxf6+ Kxf6 24. Nd5+ Kg7 25. Nxc7 Nxc7 26. Ra1 Ne6 27. Rxa7 Nc5 28. Bd5 Rd7 29. Rfa1 Ree7 30. Rxd7 Rxd7 31. f3 Rc7 32. Ra8 Nd7 33. Bc6 Nc5 34. Kf2 Ne6 35. Ra6 Nc5 36. Rxb6 Ra7 37. Bd5 Ra2 38. Ke3 f5 39. Rxd6 g5 40. f4 gxf4+ 41. gxf4 exf4+ 42. Kf3 Nb3 43. Kxf4 Rxe2 44. Kxf5 Nd4+ 45. Kf4 Rxh2 46. Be4 Ne2+ 47. Ke5 Rh5+ 48. Ke6 Nf4+ 49. Kd7 Kf7 50. b6 Rh2 51. b7 Rb2 52. Kc8 Ke7 53. Rd7+ Ke8 54. Rh7 Ne6 55. b8=Q Rxb8+ 56. Kxb8 Kd8 57. Kb7 Nc5+ 58. Kc6 Ne6 59. Kd6 Nf8 60. Rh8 Ke8 61. Bg6+ Kd8 62. Rxf8# 1-0


[Site "https://www.chess.com"]

[Event "Titled Tuesday Blitz April 18 Early 2023"]
[White "Sreyas Payyappat"]
[Black "Rodriguez Santiago, Jaime"]
[WhiteFideId "46674969"]
[BlackFideId "3100898"]
[WhiteElo "2083"]
[BlackElo "2025"]
[Result "1-0"]
[Round "07"]
[TimeControl "180+2"]
[Date "2023.04.18"]
[WhiteClock "0:02:00"]
[BlackClock "0:00:19"]

1. e4 c6 2. d4 d5 3. Nc3 dxe4 4. Nxe4 Nf6 5. Nxf6+ exf6 6. Bc4 Bd6 7. Qe2+ Be7 8. Nf3 O-O 9. O-O Re8 10. Re1 Nd7 11. c3 Nf8 12. Bf4 Bg4 13. h3 Be6 14. Bd3 b5 15. Qc2 Qd7 16. Rad1 Rad8 17. b3 a6 18. Be4 Ng6 19. Bg3 f5 20. Bd3 f4 21. Bxg6 fxg3 22. Bxh7+ Kh8 23. fxg3 g6 24. Ne5 Qc7 25. Bxg6 fxg6 26. Nxg6+ Kg7 27. Rxe6 Qxg3 28. Nxe7 Kf7 29. Qf5+ 1-0


[Site "https://www.chess.com"]

[Event "Titled Tuesday Blitz April 18 Early 2023"]
[White "Feinig, Mario"]
[Black "Fiorito, Francisco"]
[WhiteFideId "1618113"]
[BlackFideId "180165"]
[WhiteElo "2096"]
[BlackElo "2341"]
[Result "0-1"]
[Round "07"]
[TimeControl "180+2"]
[Date "2023.04.18"]
[WhiteClock "0:00:13"]
[BlackClock "0:00:24"]

1. e4 c5 2. Nf3 Nc6 3. Bb5 g6 4. O-O Bg7 5. Re1 Nf6 6. e5 Nd5 7. Nc3 Nc7 8. Bxc6 dxc6 9. Ne4 b6 10. h3 O-O 11. d3 h6 12. a4 a5 13. Be3 Be6 14. Qd2 Nd5 15. Bxh6 Nb4 16. Bxg7 Kxg7 17. Neg5 Qd7 18. Nxe6+ Qxe6 19. c3 Nd5 20. Ng5 Qf5 21. e6 f6 22. Nf7 Nf4 23. Re4 Nxe6 24. Nh6 Qd5 25. Rae1 Ng5 26. Ng4 e5 27. Rxe5 fxe5 28. Rxe5 Qxe5 29. Nxe5 Nf7 30. Ng4 Rae8 31. Qf4 Re6 32. d4 Nd6 33. Qh6+ Kg8 34. dxc5 bxc5 35. f3 Nf5 36. Qf4 Kg7 37. Qc4 Re1+ 38. Kh2 Rd8 39. Qxc5 Rdd1 40. Nf2 Rd2 41. Qa7+ Kh6 42. g4 Ree2 43. gxf5 Rxf2+ 44. Kg3 Rg2+ 45. Kf4 g5+ 46. Ke4 Rge2+ 47. Qe3 Rxe3+ 48. Kxe3 Rxb2 49. f6 Kg6 50. f7 Kxf7 51. Kd4 Ra2 52. Kc5 Rxa4 53. Kxc6 Rc4+ 54. Kb5 Rxc3 55. Kxa5 Rxf3 56. h4 gxh4 57. Kb5 h3 58. Kc5 h2 59. Kb6 h1=Q 60. Kb7 Rf2+ 61. Kc8 Qe1 62. Kd8 Rd2+ 63. Kc8 Qc1+ 64. Kb8 Rb2+ 0-1


[Site "https://www.chess.com"]

[Event "Titled Tuesday Blitz April 18 Early 2023"]
[White "Gontcharov, Vladislav"]
[Black "DeyanKostov"]
[WhiteFideId "4123492"]
[WhiteElo "2420"]
[BlackElo "2329"]
[Result "1-0"]
[Round "07"]
[TimeControl "180+2"]
[Date "2023.04.18"]
[WhiteClock "0:00:25"]
[BlackClock "0:00:18"]

1. d4 d5 2. c4 dxc4 3. Nf3 a6 4. e3 Bg4 5. Bxc4 e6 6. O-O Nf6 7. Be2 Nc6 8. b3 Bd6 9. Bb2 O-O 10. Nbd2 Qe7 11. Nc4 Rad8 12. Nxd6 Qxd6 13. h3 Bh5 14. Rc1 Rfe8 15. Rc5 Bg6 16. Nd2 e5 17. Nc4 Qf8 18. Bf3 exd4 19. exd4 Ne4 20. Bxe4 Rxe4 21. Qf3 Nxd4 22. Bxd4 Rexd4 23. Rxc7 Be4 24. Qg3 Bc6 25. Ne5 Bb5 26. Re1 f6 27. Ng4 Kh8 28. Ree7 R4d7 29. Rexd7 Rxd7 30. Kh2 h6 31. Ne3 Bc6 32. Nf5 Rxc7 33. Qxc7 Be4 34. Nd6 Bc6 35. f4 Kh7 36. f5 Qg8 37. Nf7 Qe8 38. Nd8 Qe4 39. Nxc6 bxc6 40. Qd7 c5 41. Qe6 Qxe6 42. fxe6 Kg8 43. Kg3 Kf8 44. Kf4 g6 45. Ke4 Ke7 46. Kd5 f5 47. h4 g5 48. hxg5 hxg5 49. Ke5 f4 50. Kf5 a5 51. Kxg5 Kxe6 52. Kxf4 Kd5 53. g4 Kd4 54. g5 Kc3 55. g6 Kb2 56. g7 Kxa2 57. g8=Q Ka3 58. Qc4 Kb2 59. Qxc5 Kxb3 60. Qxa5 1-0


[Site "https://www.chess.com"]

[Event "Titled Tuesday Blitz April 18 Early 2023"]
[White "Garrido, Denis"]
[Black "Saravana, Krishnan P."]
[WhiteFideId "601217"]
[BlackFideId "5018382"]
[WhiteElo "2324"]
[BlackElo "2189"]
[Result "0-1"]
[Round "07"]
[TimeControl "180+2"]
[Date "2023.04.18"]
[WhiteClock "0:00:18"]
[BlackClock "0:00:48"]

1. d4 d5 2. c4 c6 3. Nc3 Nf6 4. Nf3 a6 5. cxd5 cxd5 6. Bf4 Nc6 7. e3 Bg4 8. Rc1 e6 9. Bd3 Bd6 10. Bxd6 Qxd6 11. O-O O-O 12. Be2 Rac8 13. Qb3 b5 14. a4 Na5 15. Qd1 b4 16. Nb1 Ne4 17. Nbd2 f5 18. Re1 Nxd2 19. Nxd2 Bxe2 20. Qxe2 Rfd8 21. g3 h6 22. Qd3 Qb6 23. Kg2 Nb7 24. Nb3 Kf7 25. Kf3 Nd6 26. Nc5 Ne4 27. g4 fxg4+ 28. Kg2 Nxc5 29. dxc5 Rxc5 30. Qd4 Rdc8 31. Rxc5 Qxc5 32. Qxg4 Qc4 33. Qh5+ Kg8 34. Rd1 Rf8 35. Qe5 Qg4+ 0-1


[Site "https://www.chess.com"]